 Dungeon Crawl Stone Soup version 0.26.1-12-g5ba1501909 (webtiles) character file.

Game seed: 9045842195680432177

177 Skeith09 the Conjurer (level 5, 0/39 HPs)
             Began as a Merfolk Conjurer on Dec 2, 2021.
             Succumbed to a worker ant's poison
             ... on level 4 of the Dungeon.
             The game lasted 00:17:33 (2879 turns).

Skeith09 the Conjurer (Merfolk Conjurer)            Turns: 2879, Time: 00:17:34

Health: 0/39       AC:  6    Str:  9    XL:     5   Next: 57%
Magic:  10/10      EV: 13    Int: 23    God:
Gold:   184        SH:  0    Dex: 12    Spells: 7/10 levels left

rFire    . . .     SeeInvis +   i - +3 hand axe (freeze)
rCold    . . .     Faith    .   (no shield)
rNeg     . . .     Spirit   .   a - +2 robe
rPois    .         Reflect  .   (no helmet)
rElec    .         Harm     .   (no cloak)
rCorr    .         Rampage  .   (no gloves)
Will     +....     Rnd*Tele +   (no boots)
Stlth    +++.......             (no amulet)
HPRegen  0.13/turn              c - +6 ring of intelligence
MPRegen  0.12/turn              d - ring of teleportation (curse)

@: mighty, lethally poisoned (0 -> -3)
A: change form in water, swift swim, stealthy swim, molten scales 1, camouflage
1, see invisible, strong-willed 1, robust 1
a: no special abilities


You were on level 4 of the Dungeon.
You visited 1 branch of the dungeon, and saw 4 of its levels.

You collected 184 gold pieces.

Inventory:

Hand Weapons
 e - a +0 dagger
 i - a +3 hand axe of freezing (weapon)
Missiles
 b - 51 arrows
 h - 19 poisoned darts
 o - 6 javelins
Armour
 a - a +2 robe (worn)
Jewellery
 c - a +6 ring of intelligence (left hand)
 d - a cursed ring of teleportation (right hand)
 j - a cursed ring of magical power
Wands
 k - a wand of digging (5)
Scrolls
 l - a scroll of identify
 m - a scroll of magic mapping
Potions
 q - a potion of mutation


   Skills:
 + Level 0.3 Fighting
 + Level 1.1 Axes
 + Level 3.0 Dodging
 + Level 2.7 Stealth
 * Level 3.3 Spellcasting
 + Level 4.3 Conjurations


You had 7 spell levels left.
You knew the following spells:

 Your Spells              Type           Power        Failure   Level
a - Magic Dart            Conj           92%          1%          1
b - Searing Ray           Conj           46%          2%          2

Your spell library contained the following spells:

 Spells                   Type           Power        Failure   Level
 Dazzling Flash           Conj/Hex       26%          14%         3
 Fulminant Prism          Conj/Hex       6%           41%         4
 Iskenderun's Mystic Bla  Conj/Tloc      13%          41%         4


Dungeon Overview and Level Annotations

Branches:
Dungeon (4/15)
 Temple: D:4-7

Altars:
Ashenzari


Innate Abilities, Weirdness & Mutations

You revert to your normal form in water.
You are very nimble and swift while swimming.
You are very stealthy in the water. (Stealth+)
You are partially covered in molten scales. (AC +2)
Your skin changes colour to match your surroundings (Stealth+).
You have supernaturally acute eyesight. (SInv)
You are strong-willed. (Will+)
You are robust. (+10% HP)


Message History

You kill the orc!
* * * LOW HITPOINT WARNING * * *
You feel sick. The orc hits you but does no damage.
You slash the orc! You freeze the orc.
You kill the orc!
The orc barely misses you.
You closely miss the orc.
* * * LOW HITPOINT WARNING * * *
You feel sick. The orc hits you but does no damage.
You hit the orc. You freeze the orc.
The orc is severely wounded.
* * * LOW HITPOINT WARNING * * *
You feel sick. The orc closely misses you.
You completely miss the orc.
The orc is severely wounded.
The orc hits you with a +0 hand axe.
* * * LOW HITPOINT WARNING * * *
You slash the orc! You freeze the orc.
You kill the orc!
You die...

###### # #....# # #....#
# #....# ## #."..# #.
#....# #. #....# ##
#############o...#####
...........@)Bo.......
##.....####oZ..#...#
#....o# ######...#
.........# #...#
.####.############..Z####
... ............'..## l.#
#...........##o.# ..#.
#...........###Z## . .
#.........#####..#


You could see a worker ant, 3 orcs and a bullfrog zombie.

Vanquished Creatures
  An orc priest (D:3)
  A worker ant (D:4)
  6 adders
  An ufetubus (D:2)
  2 oozes
  2 leopard geckos (D:3)
  6 orcs
  A bat (D:3)
  3 giant cockroaches
  8 goblins
  7 hobgoblins
  5 kobolds
  A quokka (D:2)
  2 frilled lizards
  6 rats
52 creatures vanquished.

Vanquished Creatures (others)
  2 fungi (D:3)
  A plant (D:3)
3 creatures vanquished.

Grand Total: 55 creatures vanquished

Notes
Turn   | Place    | Note
-------+----------+-------------------------------------------
     0 | D:1      | Skeith09 the Merfolk Conjurer began the quest for the Orb.
     0 | D:1      | Reached XP level 1. HP: 13/13 MP: 3/3
   107 | D:1      | Gained mutation: You are frail. (-10% HP) [potion of
                  | mutation]
   107 | D:1      | Gained mutation: Your spells are a little easier to cast,
                  | but a little less powerful. [potion of mutation]
   107 | D:1      | Gained mutation: Your skin changes colour to match your
                  | surroundings (Stealth+). [potion of mutation]
   107 | D:1      | Gained mutation: You are partially covered in molten
                  | scales. (AC +2) [potion of mutation]
   296 | D:1      | Reached XP level 2. HP: 17/17 MP: 0/5
   306 | D:1      | Learned a level 2 spell: Searing Ray
   924 | D:2      | Reached XP level 3. HP: 21/21 MP: 0/6
  1066 | D:2      | Lost mutation: You are frail. (-10% HP) [potion of
                  | mutation]
  1066 | D:2      | Lost mutation: Your spells are a little easier to cast, but
                  | a little less powerful. [potion of mutation]
  1066 | D:2      | Gained mutation: You are robust. (+10% HP) [potion of
                  | mutation]
  1066 | D:2      | Gained mutation: You have supernaturally acute eyesight.
                  | (SInv) [potion of mutation]
  1066 | D:2      | Gained mutation: You are strong-willed. (Will+) [potion of
                  | mutation]
  1419 | D:2      | Reached skill level 4 in Conjurations
  1419 | D:2      | Reached XP level 4. HP: 33/33 MP: 3/7
  1810 | D:3      | Found a broken altar of Ashenzari.
  1815 | D:3      | Saw a vision of the Swamp and the Snake Pit.
  1815 | D:3      | Noticed a naga
  1815 | D:3      | Noticed a black mamba
  1815 | D:3      | Noticed a black mamba
  1815 | D:3      | Noticed a naga sharpshooter
  1815 | D:3      | Noticed a naga ritualist
  1815 | D:3      | Noticed a swamp drake
  1815 | D:3      | Noticed a swamp drake
  1815 | D:3      | Noticed a swamp drake
  1816 | D:3      | Noticed a naga
  1816 | D:3      | Noticed a naga
  1816 | D:3      | Noticed a black mamba
  2458 | D:3      | Reached XP level 5. HP: 38/38 MP: 9/9
  2696 | D:3      | Reached skill level 1 in Axes
  2878 | D:4      | HP: 1/39 [orc/+0 hand axe (1)]
  2879 | D:4      | Succumbed to a worker ant's poison

Illustrated notes

Levels and vault maps discovered:
D:1:      dpeg_arrival_rhombus, layout_basic
D:2:      layout_loops_ring
D:3:      layout_loops_ring, grunt_ashenzari_visionary
          [grunt_ashenzari_visionary_swamp, grunt_ashenzari_visionary_snake]
D:4:      layout_basic

Skill      XL: |  1  2  3  4  5 |
---------------+----------------+-----
Conjurations   | 4 |  4.3
Spellcasting   | 3 |  3.3
Axes           | 1 |  1.1
Dodging        | 3 |  3.0
Fighting       | |  0.3
Stealth        | |  2.7

Action                   |  1- 3 |  4- 6 || total
-------------------------+-------+-------++-------
Melee: Unarmed           |     7 |       ||     7
       Hand axe          |    13 |    42 ||    55
       Dagger            |     1 |       ||     1
 Cast: Magic Dart        |    45 |    28 ||    73
       Searing Ray       |     4 |     6 ||    10
  Use: Potion            |     3 |     2 ||     5
       Scroll            |     4 |    11 ||    15
 Stab: Sleeping          |       |     1 ||     1
Armor: Robe              |     5 |    16 ||    21
Dodge: Dodged            |    30 |    39 ||    69
